 Dungeon Crawl Stone Soup version 0.21.1-1-g345015f (webtiles) character file.

1018 shakethe the Ducker (level 8, -4/48 HPs)
             Began as an Octopode Transmuter on Feb 7, 2018.
             Was a Follower of Cheibriados.
             Slain by a wight
             ... wielding a +1 falchion
              (6 damage)
             ... on level 6 of the Dungeon.
             The game lasted 00:16:28 (6394 turns).

shakethe the Ducker (Octopode Transmuter)           Turns: 6394, Time: 00:16:28

Health: -4/48      AC:  1    Str: 12    XL:     8   Next: 22%
Magic:  0/21       EV: 14    Int: 17    God:    Cheibriados [*.....]
Gold:   240        SH:  0    Dex: 16    Spells: 9/13 levels left

rFire    + . .     SeeInvis .     - Unarmed
rCold    . . .     Gourm    .   (no shield)
rNeg     . . .     Faith    .   (helmet restricted)
rPois    .         Spirit   +   t - amulet of guardian spirit
rElec    .         Reflect  .   n - ring of magical power
rCorr    .         Harm     .   x - ring of protection from fire
MR       .....                  (no ring)
Stlth    ++........             (no ring)
HPRegen  0.16/turn              (no ring)
MPRegen  0.17/turn              (no ring)
                                (no ring)
                                (no ring)

@: very slightly contaminated, very heavily drained, very slow
A: almost no armour, stealthy swim, amphibious, 8 rings, constrict 8, camouflage
1, gelatinous body 1
a: Bend Time, Renounce Religion


You were on level 6 of the Dungeon.
You worshipped Cheibriados.
Cheibriados was aware of your devotion.
You were not hungry.

You visited 1 branch of the dungeon, and saw 6 of its levels.

You collected 240 gold pieces.

Inventory:

Missiles
 a - 68 arrows
Jewellery
 n - a ring of magical power (left tentacle)
 t - an amulet of guardian spirit (around mantle)
 x - a ring of protection from fire (right tentacle)
Scrolls
 f - 8 scrolls of identify {unknown}
 h - 4 scrolls of remove curse {unknown}
 j - 2 scrolls of teleportation {unknown}
 k - a scroll of random uselessness {unknown}
 l - a scroll of amnesia {unknown}
 p - a scroll of immolation {unknown}
 q - a scroll of noise {unknown}
 s - 2 scrolls of enchant weapon {unknown}
 u - a scroll of magic mapping {unknown}
 v - a scroll of blinking {unknown}
 w - a scroll of enchant armour {unknown}
Potions
 e - 2 potions of agility {unknown}
 g - a potion of mutation {unknown}
 i - 3 potions of resistance {unknown}
 m - 2 potions of degeneration {unknown}
 o - a potion of flight {unknown}
 r - a potion of haste {unknown}
 z - a potion of brilliance {unknown}
Books
 b - a book of Changes

   Spells                             Type                      Level
   a - Beastly Appendage              Transmutation                1
   b - Sticks to Snakes               Transmutation                2
   c - Spider Form                    Transmutation/Poison         3
   d - Ice Form                       Ice/Transmutation            4
   e - Blade Hands                    Transmutation                5
 y - a book of Cantrips

   Spells                             Type                      Level
   a - Confusing Touch                Hexes                        1
   b - Animate Skeleton               Necromancy                   1
   c - Summon Small Mammal            Summoning                    1
   d - Apportation                    Translocation                1
Comestibles
 c - 8 rations


   Skills:
 + Level 1.6(0.0) Fighting
 * Level 5.8(2.0) Dodging
 + Level 1.8(0.0) Stealth
 + Level 4.8(1.1) Unarmed Combat
 + Level 3.2(0.0) Spellcasting
 + Level 4.3(0.6) Transmutations
 + Level 3.4(0.0) Poison Magic
 + Level 1.3(0.0) Invocations


You had 9 spell levels left.
You knew the following spells:

 Your Spells              Type           Power        Failure   Level  Hunger
a - Beastly Appendage     Tmut           #.....       19%         1    ##.....
b - Spider Form           Tmut/Pois      #.........   54%         3    ####...


Dungeon Overview and Level Annotations

Branches:
Dungeon (6/15)             Temple (0/1) D:6

Altars:
Cheibriados
Elyvilon
Fedhas
Makhleb
Nemelex Xobeh
Trog
Uskayaw
Zin

Annotations:
D:2 1 runed door


Innate Abilities, Weirdness & Mutations

You cannot wear most types of armour.
You are very stealthy in the water. (Stealth+)
You are amphibious.
You can wear up to eight rings at the same time.
You can use your tentacles to constrict eight enemies at once.
Your skin changes colour to match your surroundings (Stealth+).
Your rubbery body absorbs attacks. (AC +1, EV +1)


Message History

* * * LOW HITPOINT WARNING * * *
You feel drained.
Casting: Spider Form
Confirm with . or Enter, or press ? or * to list all spells.
You don't know that spell.
You feel better.
You closely miss the wight. You grab the wight. You squeeze the wight.
The wight is severely damaged.
You constrict the wight, but do no damage.
The wight hits you with an enchanted falchion.
* * * LOW HITPOINT WARNING * * *
You release your grip on the wight.
The wight hits you with an enchanted falchion!
* * * LOW HITPOINT WARNING * * *
You feel drained.
You closely miss the wight. You grab the wight.
The wight is severely damaged.
You constrict the wight.
The wight hits you with an enchanted falchion.
You die...

..
....####################
....'..@................
....###z........##.....#
. #.........# .....#
....###.........##.....#
....'......)..)..)......
....######.#######......
## ####'### ######
#....).#####
#..........#


You could see a wight.

Vanquished Creatures
  An ice beast (D:5)
  An ogre (D:4)
  Blork the orc (D:5)
  6 wights (D:6)
  A howler monkey (D:4)
  A crimson imp (D:5)
  A bullfrog zombie (D:5)
  A quasit (D:5)
  A hound (D:5)
  A centaur skeleton (D:5)
  An iguana (D:4)
  2 orc wizards (D:6)
  3 worker ants
  A gnoll (D:1)
  7 adders
  An adder skeleton (D:6)
  4 dart slugs
  3 leopard geckos
  4 orcs
  5 bats
  A giant cockroach (D:4)
  12 goblins
  3 hobgoblins
  8 jackals
  2 quokkas
  3 frilled lizards
  9 kobolds
  8 rats
92 creatures vanquished.

Notes
Turn   | Place    | Note
-------+----------+-------------------------------------------
     0 | D:1      | shakethe the Octopode Transmuter began the quest for the Orb.
     0 | D:1      | Reached XP level 1. HP: 13/13 MP: 3/3
   367 | D:1      | Reached XP level 2. HP: 17/18 MP: 3/5
   539 | D:1      | Reached XP level 3. HP: 11/23 MP: 4/6
  1041 | D:1      | Reached skill level 3 in Dodging
  1543 | D:2      | Reached XP level 4. HP: 28/28 MP: 5/7
  1630 | D:2      | Found a white marble altar of Elyvilon.
  1975 | D:2      | Found a runed door.
  2920 | D:3      | Learned a level 3 spell: Spider Form
  3127 | D:4      | Reached XP level 5. HP: 24/33 MP: 8/8
  3395 | D:4      | Reached skill level 4 in Dodging
  3395 | D:4      | Reached skill level 1 in Poison Magic
  3686 | D:4      | Noticed an ogre
  3706 | D:4      | Killed an ogre
  3706 | D:4      | Reached XP level 6. HP: 38/38 MP: 5/9
  4361 | D:5      | Entered Level 5 of the Dungeon
  4398 | D:5      | Noticed Blork the orc
  4408 | D:5      | Killed Blork the orc
  4951 | D:5      | Found a snail-covered altar of Cheibriados.
  4953 | D:5      | Found a blossoming altar of Fedhas.
  4953 | D:5      | Found a glowing silver altar of Zin.
  4966 | D:5      | Noticed an ice beast
  4975 | D:5      | Reached XP level 7. HP: 40/43 MP: 10/10
  4982 | D:5      | Reached skill level 5 in Dodging
  5245 | D:5      | Found a sparkling altar of Nemelex Xobeh.
  5245 | D:5      | Found a burning altar of Makhleb.
  5245 | D:5      | Found a bloodstained altar of Trog.
  5251 | D:5      | Became a worshipper of Cheibriados the Contemplative
  5700 | D:6      | Found a staircase to the Ecumenical Temple.
  5735 | D:6      | Found a hide-covered altar of Uskayaw.
  5756 | D:6      | Reached skill level 1 in Stealth
  5904 | D:6      | Reached XP level 8. HP: 32/48 MP: 10/12
  5915 | D:6      | Reached skill level 1 in Invocations
  6070 | D:6      | Reached * piety under Cheibriados
  6390 | D:6      | HP: 1/48 [wight/enchanted falchion (5)]
  6394 | D:6      | Slain by a wight

Skill      XL: |  1  2  3  4  5  6  7  8 |
---------------+-------------------------+-----
Dodging        | 3 4 5 |  5.8
Transmutations | 3 4 |  4.3
Poison Magic   | 1 2 3 |  3.4
Unarmed Combat | 4 |  4.8
Spellcasting   | 3 |  3.2
Stealth        | 1 |  1.8
Invocations    | 1 |  1.3
Fighting       | |  1.6

Action                   |  1- 3 |  4- 6 |  7- 9 || total
-------------------------+-------+-------+-------++-------
Melee: Unarmed           |    69 |   112 |   131 ||   312
       Constrict         |    20 |    25 |     4 ||    49
       Kick              |    11 |    22 |       ||    33
       Tentacles         |     7 |     8 |     3 ||    18
       Punch             |     1 |     2 |       ||     3
 Cast: Beastly Appendage |    20 |    17 |     2 ||    39
       Spider Form       |       |     5 |    10 ||    15
 Abil: End Transformatio |       |       |     2 ||     2
  Use: Potion            |       |       |     4 ||     4
 Stab: Sleeping          |     4 |     4 |     1 ||     9
       Distracted        |       |     1 |       ||     1
  Eat: Chunk             |     2 |     8 |     4 ||    14
       Ration            |       |     1 |     1 ||     2
Armor: Skin              |     7 |     8 |     1 ||    16
Dodge: Dodged            |    34 |   113 |    91 ||   238
